AoeStats
← Spsツ

Scandinavia

510340267Analyzed
1v1 RM · 2d ago on Sep 30, 2026· 21m 0s· 2 players
Game mode
Random Map
Map size
Tiny (2 player)
Population
200
Speed
Normal
Resources
Standard
Victory
Conquest
Starting age
Dark Age
Ending age
Imperial Age
RankedLock teamsTeams togetherTeam positionsShared explorationLock speedFull tech treeHidden civsTurbo modeCheats
Victory
Defeat
🇸🇰 Spanish · Slovakia
1245
+17
🇸🇬 Franks · Singapore
1261
-17
Spsツ
1:35 Loom
11:04 Feudal Age
15:44 Castle Age
16:46 Double-Bit Axe
19:18 Forging
19:14 Scale Barding Armor
Call Me Daddy
10:02 Feudal Age
13:10 Double-Bit Axe
15:42 Castle Age
15:03 Gold Mining
16:25 Scale Barding Armor
Connection lost

Rejoining the realm…

Still unreachable

The connection could not be restored.

Session expired

The server has moved on; the page needs a fresh start.